 Dungeon Crawl Stone Soup version 0.31.0-11-ge490571c62 (webtiles) character file.

Game seed: 2252012814662794358

54 Zdeegee the Gusty (level 3, -2/32 HPs)
             Began as an Oni Air Elementalist on Jan 31, 2024.
             Slain by Ijyb
             ... wielding a +0 club
              (3 damage)
             ... on level 3 of the Dungeon.
             The game lasted 00:07:22 (2156 turns).

Zdeegee the Gusty (Oni Air Elementalist)            Turns: 2156, Time: 00:07:23

Health: -2/32      AC:  3    Str: 12    XL:     3   Next: 91%
Magic:  2/7        EV: 10    Int: 18    God:
Gold:   67         SH:  0    Dex:  9    Spells: 4/7 levels left

rFire   . . .        d - +0 dagger
rCold   . . .        (no shield)
rNeg    . . .        a - +0 robe
rPois   .            (helmet currently unavailable)
rElec   .            (cloak currently unavailable)
rCorr   .            (gloves unavailable)
SInv    .            (boots unavailable)
Will    +....        (no amulet)
Stlth   +            (no ring)
HPRegen 0.25/turn    (no ring)
MPRegen 0.10/turn

%: no passive effects
@: beast-form, enlightened, flying
A: beast (slay +0), large, unfitting armour, horns 1, tough skin 1, double
potion healing, drunken brawling
a: Begin Untransformation


You were on level 3 of the Dungeon.
You were a hulking beast.
You visited 1 branch of the dungeon, and saw 3 of its levels.

You collected 67 gold pieces.

Inventory:

Hand Weapons
 d - a +0 dagger (weapon)
Armour
 a - a +0 robe (worn)
Jewellery
 c - an amulet of faith
 j - a +6 ring of dexterity
Talismans
 h - a beast talisman (active)
Scrolls
 e - 2 scrolls of identify {unknown}
 g - 2 scrolls of torment {unknown}
Potions
 b - a potion of magic
 f - a potion of curing


   Skills:
 * Level 0.3 Fighting
 + Level 0.8 Short Blades
 * Level 0.5 Armour
 * Level 2.2 Dodging
 + Level 1.4 Stealth
 + Level 0.1 Unarmed Combat
 * Level 2.7 Spellcasting
 * Level 1.2 Conjurations
 * Level 3.2 Air Magic


You had 4 spell levels left.
You knew the following spells:

 Your Spells              Type           Power      Damage    Failure   Level
a - Shock                 Conj/Air       40%        1d5       7%          1
b - Static Discharge      Conj/Air       20%        3-4/arc   10%         2

Your spell library contained the following spells:

 Spells                   Type           Power      Damage    Failure   Level
 Swiftness                Air            14%        N/A       13%         3
 Airstrike                Air            7%         2d(1-17)  41%         4


Dungeon Overview and Level Annotations

Branches:
Dungeon (2/15)

Altars:

Shops:
D:1 ?!   D:3 ?

Annotations:
D:3 Ijyb


Innate Abilities, Weirdness & Mutations

You are a hulking beast.
Your limbs bulge with bestial killing power. (Slay +0)
You are too large for most types of armour.
You have a pair of small horns on your head.
You have tough skin. (AC +1)
You gain doubled healing and magic from potions.
Whenever you drink a healing potion, you attack all around you.


Message History

Ijyb is heavily wounded.
The orc is struck by an arc of lightning.
The orc is severely wounded.
The lightning grounds out.
Ijyb hits you with a +0 club.
* * * LOW HITPOINT WARNING * * *
Casting: Static Discharge (safe; 10% risk of failure)
Confirm with . or Enter, or press ? or * to list all spells.
You don't have enough magic to cast this spell.
Unknown command.
You are too injured to fight recklessly!
You are too injured to fight recklessly!
Casting: Static Discharge (safe; 10% risk of failure)
Confirm with . or Enter, or press ? or * to list all spells.
Okay, then.
There are monsters nearby!
Ijyb hits you with a +0 club.
* * * LOW HITPOINT WARNING * * *
You begin transforming.
You continue transforming.
Ijyb hits you with a +0 club.
* * * LOW HITPOINT WARNING * * *
You continue transforming.
Ijyb closely misses you.
You continue transforming.
Ijyb misses you.
You turn into a hulking beast.
Unknown command.
You miss Ijyb.
Ijyb is heavily wounded.
Ijyb hits you with a +0 club.
* * * LOW HITPOINT WARNING * * *
You barely miss Ijyb.
Ijyb is heavily wounded.
Your magical contamination has completely faded away.
You hit Ijyb.
Ijyb is heavily wounded.
Ijyb barely misses you.
You hit Ijyb but do no damage.
Ijyb is heavily wounded.
Ijyb hits you with a +0 club.
You die... ######################## .............†ogh......# ######################.#

You could see Ijyb and an orc.

Vanquished Creatures
  2 adders
  A dart slug (D:2)
  A ribbon worm (D:2)
  4 ball pythons
  3 endoplasms (D:1)
  4 goblins
  4 hobgoblins (D:1)
  6 kobolds
  A quokka (D:2)
  3 bats
  2 frilled lizards (D:1)
31 creatures vanquished.

Notes
Turn   | Place    | Note
-------+----------+-------------------------------------------
     0 | D:1      | Zdeegee the Oni Air Elementalist began the quest for the
                  | Orb.
     0 | D:1      | Reached XP level 1. HP: 16/16 MP: 3/3
   300 | D:1      | Reached skill level 3 in Air Magic
   300 | D:1      | Reached XP level 2. HP: 24/24 MP: 2/5
   718 | D:1      | Reached skill level 1 in Conjurations
   831 | D:1      | Learned a level 2 spell: Static Discharge
  1039 | D:1      | Found Walitac's Magic Scroll Boutique.
  1171 | D:1      | Found Hibbeirch's Distillery.
  1385 | D:2      | Reached XP level 3. HP: 29/31 MP: 1/6
  2093 | D:2      | You fall into a shaft and drop 1 floor!
  2100 | D:3      | Noticed Ijyb
  2113 | D:3      | Found Ynyw's Magic Scroll Boutique.
  2153 | D:3      | HP: 1/32 [Ijyb/+0 club (3)]
  2156 | D:3      | Slain by Ijyb

Illustrated notes

Levels and vault maps discovered:
D:1:      sevenhm_arrival_forest_fort_small_6, layout_basic, serial_shops, shop,
          nicolae_shop_waterfront, skrybe_limestone_x
D:2:      wad_pebble_path, layout_basic, serial_shops,
          nicolae_shop_back_alley_shop, minmay_box_of_dots
D:3:      layout_basic, serial_shops, shop, kennysheep_nub,
          nicolae_shop_vocational, uniq_ijyb, uniq_jessica

Skill      XL: |  1  2 |
---------------+-------+-----
Air Magic      | 3 |  3.2
Dodging        | 2 |  2.2
Conjurations   | 1 |  1.2
Fighting       | |  0.3
Short Blades   | |  0.8
Armour         | |  0.5
Stealth        | |  1.4
Unarmed Combat | |  0.1
Spellcasting   | |  2.7

Action                     || total
---------------------------++-------
  Melee: Dagger            ||    56
         Unarmed           ||     1
         Headbutt          ||     7
   Cast: Shock             ||    55
         Static Discharge  ||    11
    Use: Potion            ||     3
 Armour: Robe              ||    73
  Dodge: Dodged            ||    64
   Form: Beast             ||     1
